 Dungeon Crawl Stone Soup version 0.31-a0-217-g58bb5d79cf (webtiles) character file.

Game seed: 8581981792651682603

34 qw the Shooter (level 3, -1/21 HPs)
             Began as a Gargoyle Hexslinger on July 2, 2023.
             Slain by a gnoll
             ... wielding a +0 flail
              (6 damage)
             ... on level 2 of the Dungeon.
             The game lasted 00:00:26 (1098 turns).

qw the Shooter (Gargoyle Hexslinger)                Turns: 1098, Time: 00:00:27

Health: -1/21      AC:  6    Str: 11    XL:     3   Next: 31%
Magic:  4/4        EV: 12    Int: 13    God:
Gold:   28         SH:  0    Dex: 14    Spells: 3/4 levels left

rFire   . . .        Y - +1 sling
rCold   . . .        (no shield)
rNeg    + . .        c - +0 robe
rPois   inf          (no helmet)
rElec   +            (no cloak)
rCorr   .            (no gloves)
SInv    .            e - +0 pair of boots
Will    .....        (no amulet)
Stlth   +            (no ring)
HPRegen 0.23/turn    (no ring)
MPRegen 0.09/turn

%: no passive effects
@: no status effects
A: sickness immunity, AC +3, negative energy resistance 1, electricity
resistance, torment resistance 1, petrification resistance
a: no special abilities


You were on level 2 of the Dungeon.
You visited 1 branch of the dungeon, and saw 2 of its levels.

You collected 66 gold pieces.
You spent 38 gold pieces at shops.


Innate Abilities, Weirdness & Mutations

You are immune to sickness and miasma.
Your stone body is resilient. (AC +3)
You are immune to poison.
You resist negative energy. (rN+)
You are resistant to electric shocks. (rElec)
You are resistant to unholy torment.
You are immune to petrification.


   Skills:
 - Level 2.0 Fighting
 + Level 3.3 Ranged Weapons
 - Level 1.5 Dodging
 - Level 1.0 Spellcasting
 - Level 2.6 Hexes


You had 3 spell levels left.
You knew the following spells:

 Your Spells              Type           Power      Damage    Failure   Level
a - Slow                  Hex            28%        N/A       10%         1

Your spell library contained the following spells:

 Spells                   Type           Power      Damage    Failure   Level
 Inner Flame              Hex/Fire       4%         N/A       43%         3
 Portal Projectile        Hex/Tloc       8%         N/A       43%         3
 Cause Fear               Hex            3%         N/A       67%         4

Inventory:

Hand Weapons
 Y - a +1 sling (weapon)
Armour
 c - a +0 robe (worn)
 e - a +0 pair of boots (worn)
Potions
 a - 2 potions of degeneration {unknown}
 f - a potion of might {unknown}
 g - a potion of magic {unknown}

Dungeon Overview and Level Annotations

Branches:
Dungeon (2/15)

Altars:

Shops:
D:2 (*!


Message History

Enter note:
Enter note: You shoot a sling bullet.
The sling bullet hits the gnoll.
The gnoll is moderately wounded.
You shoot a sling bullet. The sling bullet hits the gnoll.
The gnoll is moderately wounded.
A gnoll comes into view. It is wielding a +0 spear.
You shoot a sling bullet.
The sling bullet barely misses the gnoll.
You shoot a sling bullet.
The sling bullet hits the gnoll but does no damage.
The gnoll is moderately wounded.
You shoot a sling bullet.
The sling bullet hits the gnoll but does no damage.
The gnoll is moderately wounded.
The gnoll barely misses you.
You shoot a sling bullet.
The sling bullet closely misses the gnoll.
The gnoll hits you from afar with a +0 spear.
The gnoll closely misses you.
You shoot a sling bullet. The sling bullet hits the gnoll.
The gnoll is moderately wounded.
A gnoll comes into view. It is wielding a +0 spear.
The gnoll closely misses you.
The gnoll hits you from afar with a +0 spear.
You shoot a sling bullet. The gnoll shouts!
The sling bullet hits the gnoll.
The gnoll is severely wounded.
The gnoll closely misses you. The gnoll hits you with a +0 flail.
The gnoll hits you with a +0 flail!
The gnoll hits you from afar with a +0 spear.
You shoot a sling bullet.
The sling bullet barely misses the gnoll.
The gnoll hits you from afar with a +0 spear.
The gnoll completely misses you.
You shoot a sling bullet.
The sling bullet closely misses the gnoll.
The gnoll hits you with a +0 flail.
You die...

##.#.#
##.........####....####
'.........'...........
.........####....####
....... ##.#.# .g...
###.## g.. #..# #g#
##.# #.#######@# #.#
#.........# #.#
..######..## #.#
##...## #.#
###.....###### #.#
.)............#####.#
...###..######.......#
## #.## ######### ...#


You could see 3 gnolls.

Vanquished Creatures
  2 dart slugs (D:1)
  5 endoplasms
  3 giant cockroaches
  3 goblins
  4 ball pythons
  2 bats (D:1)
  7 kobolds (D:1)
  3 rats
29 creatures vanquished.

Notes
Turn   | Place    | Note
-------+----------+-------------------------------------------
     0 | D:1      | qw the Gargoyle Hexslinger began the quest for the Orb.
     0 | D:1      | Reached XP level 1. HP: 12/12 MP: 2/2
     0 | D:1      | 0 ||| qw: Version: 0.3-a-40-ge99b1a8
     0 | D:1      | 0 ||| qw: Game counter: 8040
     0 | D:1      | 0 ||| qw: Melee chars always use a shield: true
     0 | D:1      | 0 ||| qw: God list: Okawaru
     0 | D:1      | 0 ||| qw: Allow faded altars: false
     0 | D:1      | 0 ||| qw: Do Orc after clearing Dungeon:15 true
     0 | D:1      | 0 ||| qw: Do second Lair branch before Depths: true
     0 | D:1      | 0 ||| qw: Lair rune preference: random
     0 | D:1      | 0 ||| qw: Goals: Normal
     0 | D:1      | 0 ||| PLANNING D:1-11
   216 | D:1      | Reached XP level 2. HP: 16/16 MP: 3/3
   341 | D:1      | Reached skill level 3 in Ranged Weapons
   375 | D:1      | 375 ||| FLEEEEING.
   376 | D:1      | 376 ||| FLEEEEING.
   377 | D:1      | 377 ||| FLEEEEING.
   378 | D:1      | 378 ||| FLEEEEING.
   385 | D:1      | 385 ||| FLEEEEING.
   561 | D:1      | Reached XP level 3. HP: 21/21 MP: 4/4
   716 | D:1      | Found a faded altar of an unknown god.
   730 | D:1      | 730 ||| UPGRADING to +0 pair of boots.
   735 | D:1      | 735 ||| READING scroll labelled SIXYMN BIRI.
   736 | D:1      | 736 ||| DROPPING scroll of poison.
   800 | D:2      | Found Zisouq's Assorted Antiques.
   813 | D:2      | 813 ||| BUYING cyan potion (19 gold).
   813 | D:2      | Bought a cyan potion for 19 gold pieces
   813 | D:2      | 813 ||| BUYING cyan potion (19 gold).
   813 | D:2      | Bought a cyan potion for 19 gold pieces
   813 | D:2      | 813 ||| SHOPLISTING encrusted coral ring (110 gold, have
                  | 17).
   813 | D:2      | 813 ||| SHOPLISTING inky potion (19 gold, have 17).
   813 | D:2      | 813 ||| SHOPLISTING scroll labelled EGGEANN KIUT (22 gold,
                  | have 17).
   813 | D:2      | 813 ||| SHOPLISTING warped arbalest (209 gold, have 17).
   837 | D:2      | Found Hosunugh's Distillery.
   853 | D:2      | 853 ||| SHOPLISTING potion of enlightenment (55 gold, have
                  | 28).
   853 | D:2      | 853 ||| SHOPLISTING potion of haste (110 gold, have 28).
   853 | D:2      | 853 ||| SHOPLISTING potion of heal wounds (55 gold, have
                  | 28).
   853 | D:2      | 853 ||| SHOPLISTING potion of might (44 gold, have 28).
   911 | D:2      | Found Vulocet's Weapon Emporium.
   920 | D:2      | 920 ||| SHOPLISTING +2 arbalest of electrocution (278 gold,
                  | have 28).
  1097 | D:2      | HP: 4/21 [gnoll/+0 spear (2)]
  1098 | D:2      | Slain by a gnoll

Levels and vault maps discovered:
D:1:      dpeg_arrival_round_c, layout_loops_cross,
          ebering_ecumenical_altar_hall, minmay_close_crescents
D:2:      layout_loops_corners, serial_shops, shop, shop,
          nicolae_shop_getting_attention

Skill      XL: |  1  2 |
---------------+-------+-----
Ranged Weapons | 3 |  3.3
Fighting       | 2 |  2.0
Dodging        | |  1.5
Spellcasting   | |  1.0
Hexes          | |  2.6

Action                     || total
---------------------------++-------
   Fire: Sling             ||   106
    Use: Scroll            ||     1
 Armour: Robe              ||    16
  Dodge: Dodged            ||    37

Table legend:
 A = Non-vault XP
 B = Vault XP
 C = Vault XP percentage of total XP
 D = Non-vault monster count
 E = Vault monster count
 F = Vault count percentage of total count
                 A         B        C        D         E       F
            +---------+---------+-------+---------+---------+-------
      Total |      46 |       3 |   6.1 |      27 |       2 |   6.9
            +---------+---------+-------+---------+---------+-------
        D:1 |      36 |       3 |   7.7 |      21 |       2 |   8.7
        D:2 |      10 |       0 |   0.0 |       6 |       0 |   0.0
            +---------+---------+-------+---------+---------+-------
